 Dungeon Crawl Stone Soup version 0.22-a0-44-geb883ae (webtiles) character file.

889 KristoblXynda the Slasher (level 7, -1/82 HPs)
             Began as a Purple Draconian Gladiator on Jan 6, 2018.
             Was an Initiate of Vehumet.
             Slain by a slave (5 damage)
             ... led by Pikel
             ... on level 4 of the Dungeon.
             The game lasted 00:09:58 (4419 turns).

KristoblXynda the Slasher (DrGl)                    Turns: 4419, Time: 00:09:59

Health: -1/82      AC: 23    Str: 21    XL:     7   Next: 77%
Magic:  19/19      EV:  2    Int: 10    God:    Vehumet [......]
Gold:   117        SH:  0    Dex: 13    Spells: 10/10 levels left

rFire    . . .     SeeInvis .   a - +0 long sword
rCold    . . .     Gourm    .   (no shield)
rNeg     + + +     Faith    .   (armour unavailable)
rPois    +         Spirit   .   (helmet currently unavailable)
rElec    .         Reflect  .   (cloak currently unavailable)
rCorr    .         Harm     .   (gloves currently unavailable)
MR       +....     NoTele   +   (boots currently unavailable)
Stlth    ++........             (no amulet)
HPRegen  0.23/turn              e - ring of magical power
MPRegen  0.16/turn              (no ring)

@: mighty, short of breath, tree-form
A: (breathe power), unfitting armour, AC +6
a: Renounce Religion


You were on level 4 of the Dungeon.
You worshipped Vehumet.
Vehumet was noncommittal.
You were not hungry.
You were a tree.
You visited 2 branches of the dungeon, and saw 6 of its levels.
You also visited: Sewer.

You collected 159 gold pieces.
You spent 42 gold pieces at shops.

Inventory:

Hand Weapons
 a - a +0 long sword (weapon)
Armour
 b - a +1 hat (melded)
Jewellery
 e - a ring of magical power (left branch)
Wands
 p - a wand of flame (10)
Scrolls
 f - 3 scrolls of magic mapping
 g - 4 scrolls of identify
 k - 2 scrolls of teleportation
 l - a scroll of amnesia
 m - a scroll of fog {unknown}
 o - a scroll of blinking
 r - a scroll of enchant weapon {unknown}
Potions
 h - a potion of might
 j - a potion of brilliance
 n - a potion of flight
Comestibles
 d - 4 rations


   Skills:
 - Level 2.1 Fighting
 + Level 5.8 Long Blades
 - Level 4.1 Throwing
 + Level 5.2 Dodging
 + Level 2.2 Stealth
 + Level 2.1 Spellcasting


You had 10 spell levels left.
You didn't know any spells.

Dungeon Overview and Level Annotations

Branches:
Dungeon (5/15)             Temple (1/1) D:4

Altars:
Ashenzari
Cheibriados
Dithmenos
Elyvilon
Fedhas
Hepliaklqana
Kikubaaqudgha
Nemelex Xobeh
Okawaru
Qazlal
Sif Muna
Trog
Uskayaw
Vehumet
Wu Jian
Xom
Yredelemnul
Zin
The Shining One

Shops:
D:5 ?

Annotations:
D:5 Pikel


Innate Abilities, Weirdness & Mutations

((You can breathe bolts of dispelling energy.))
((Your rich purple scales are hard. (AC +6)))
You cannot fit into any form of body armour.
((You are cold-blooded and may be slowed by cold attacks.))


Message History

The slave is heavily wounded.
The slave closely misses you. The slave hits you.
You barely miss the slave.
The slave is heavily wounded.
The slave closely misses you. The slave barely misses you. x2
You hit the slave.
Your tail-slap misses the slave.
The slave is severely wounded.
The slave hits you! The slave barely misses you.
You feel very mighty all of a sudden. The slave misses you. The slave hits you.
* * * LOW HITPOINT WARNING * * *
You closely miss the slave.
The slave is severely wounded.
The slave hits you!
* * * LOW HITPOINT WARNING * * *
The slave hits you.
* * * LOW HITPOINT WARNING * * *
You turn into a tree.
Your +1 hat melds into your body.
Your roots penetrate the ground.
The slave hits you.
You die...

############ #..........#
#.########.#### #.#
#....#...# #.#
#.###.##.######### #.# #.#
#.##[......<.# #.# #.#
#.##p######..#
##.####.###.##p# #..#
###...##...##.##♣# #..#
......(..#.##.##p# #..#
###....#...##.##.# #..#
##..........##.# #..####
#.........####.# #.....##
#.##.####.####.# #......#
#.##.# #.##...# #......#
#.##.####.##.#.#######>....#
#.##........_.............##


You could see 3 slaves.

Vanquished Creatures
  Prince Ribbit (D:5)
  Sigmund (D:2)
  Purgy (Sewer)
  A centaur (D:5)
  A hound (D:4)
  4 worker ants
  A worker ant zombie (D:5)
  9 gnolls
  4 adders
  A shadow imp (D:3)
  3 oozes
  An adder zombie (D:5)
  5 worms
  4 dart slugs
  7 leopard geckos
  2 orcs
  3 ball pythons
  A giant cockroach (D:3)
  2 hobgoblins (D:2)
  6 jackals
  3 quokkas
  6 bats
  11 frilled lizards
  A giant cockroach zombie (D:5)
  5 goblins
  5 kobolds
  A quokka skeleton (D:4)
  7 rats
97 creatures vanquished.

Notes
Turn   | Place    | Note
-------+----------+-------------------------------------------
     0 | D:1      | KristoblXynda the Draconian Gladiator began the quest for the Orb.
     0 | D:1      | Reached XP level 1. HP: 17/17 MP: 1/1
   655 | D:2      | Reached XP level 2. HP: 15/24 MP: 2/2
   768 | D:2      | Noticed Sigmund
   877 | D:2      | Reached XP level 3. HP: 26/29 MP: 3/3
   925 | D:2      | Killed Sigmund
   925 | D:2      | Reached XP level 4. HP: 21/36 MP: 4/4
   925 | D:2      | Reached XP level 5. HP: 25/41 MP: 5/5
  1109 | D:2      | Found a faded altar of an unknown god.
  1345 | D:2      | Found a shattered altar of Ashenzari.
  1546 | D:3      | Found a glowing drain.
  1549 | D:3      | Reached XP level 6. HP: 47/48 MP: 6/6
  1563 | Sewer    | Entered a sewer
  1622 | Sewer    | Noticed Purgy
  1642 | Sewer    | Killed Purgy
  2196 | D:3      | Reached skill level 5 in Long Blades
  3020 | D:4      | Found a stormy altar of Qazlal.
  3150 | D:4      | Your scales start taking on a rich purple colour.
  3150 | D:4      | Reached XP level 7. HP: 55/55 MP: 7/7
  3183 | D:4      | Found a deep blue altar of Sif Muna.
  3267 | D:4      | Found a snail-covered altar of Cheibriados.
  3342 | D:4      | Reached skill level 1 in Stealth
  3412 | D:4      | Found a staircase to the Ecumenical Temple.
  3491 | Temple   | Entered the Ecumenical Temple
  3534 | Temple   | Became a worshipper of Vehumet
  3749 | D:5      | Entered Level 5 of the Dungeon
  3749 | D:5      | Found Jeiribak's Magic Scroll Boutique.
  3756 | D:5      | Noticed Prince Ribbit
  3770 | D:5      | Bought a scroll of magic mapping for 42 gold pieces
  3781 | D:5      | Killed Prince Ribbit
  3781 | D:5      | Reached skill level 5 in Dodging
  3781 | D:5      | Reached skill level 1 in Spellcasting
  3860 | D:5      | HP: 2/82 [centaur (6)]
  3891 | D:5      | HP: 1/82 [gnoll/halberd (5)]
  4404 | D:5      | Noticed Pikel
  4419 | D:4      | Slain by a slave

Vault maps used:
D:1:      dpeg_arrival_pond, feat_on_display
D:2:      ashenzari_conservatory_becter, chequers_ecumenical_altar_simple_redux,
          uniq_sigmund
D:3:      portal_sewer_entry_f, kennysheep_cluttered_room
D:4:      lemuel_coloured_pillars_altar, lemuel_crystal_altar,
          grunt_qazlal_sundering, minmay_temple_entry_trees, first_ration
D:5:      makhleb_grotto_becter, serial_shops, nicolae_shop_stone,
          cheibrodos_gnoll_hut, uniq_prince_ribbit1, uniq_pikel
Temple:   eino_wide_crystal_templ
Sewer:    sewer_co_purgy_island

Skill      XL: |  1  2  3  4  5  6  7 |
---------------+----------------------+-----
Throwing       | 2 3 4 |  4.1
Dodging        | 3 4 5 |  5.2
Long Blades    | 4 5 |  5.8
Stealth        | 2 |  2.2
Spellcasting   | 2 |  2.1
Fighting       | |  2.1

Action                   |  1- 3 |  4- 6 |  7- 9 || total
-------------------------+-------+-------+-------++-------
Melee: Long sword        |    52 |   191 |    63 ||   306
       Tailslap          |     7 |    27 |     8 ||    42
Throw: Throwing net      |     2 |     2 |       ||     4
 Abil: Breathe Dispellin |       |       |     3 ||     3
Evoke: Wand              |       |       |    11 ||    11
  Use: Scroll            |       |     8 |     1 ||     9
       Potion            |       |     4 |     3 ||     7
 Stab: Sleeping          |     1 |     2 |       ||     3
       Held in net/web   |       |     1 |       ||     1
  Eat: Chunk             |       |     4 |     2 ||     6
       Ration            |       |     1 |     1 ||     2
Armor: Skin              |    15 |    60 |    24 ||    99
Dodge: Dodged            |    51 |   143 |    58 ||   252
       Rpst.: Long sword |    16 |    50 |    15 ||    81

Table legend:
 A = Spawn XP
 B = Non-spawn XP
 C = Spawn XP percentage of total XP
 D = Spawn monster count
 E = Non-spawn monster count
 F = Spawn count percentage of total count
 G = Total turns spent on level
                    A         B        C        D         E        F      G
               +---------+---------+-------+---------+---------+-------+---------
         Total |       0 |    1271 |   0.0 |       0 |      97 |   0.0 |  4419
               +---------+---------+-------+---------+---------+-------+---------
           D:1 |       0 |       8 |   0.0 |       0 |       6 |   0.0 |   679
           D:2 |       0 |     316 |   0.0 |       0 |      26 |   0.0 |   782
           D:3 |       0 |     224 |   0.0 |       0 |      35 |   0.0 |  1154
           D:4 |       0 |     129 |   0.0 |       0 |      10 |   0.0 |  1204
           D:5 |       0 |     450 |   0.0 |       0 |      11 |   0.0 |   148
         Sewer |       0 |     144 |   0.0 |       0 |       9 |   0.0 |   399
               +---------+---------+-------+---------+---------+-------+---------
